AoeStats
← BottleDry

Arena

509451492Analyzed
4v4 RM · 5d ago on Sep 26, 2026· 49m 12s· 8 players
Game mode
Random Map
Map size
Large (8 player)
Population
200
Speed
Normal
Resources
Standard
Victory
Conquest
Starting age
Dark Age
Ending age
Imperial Age
RankedLock teamsTeams togetherTeam positionsShared explorationLock speedFull tech treeHidden civsTurbo modeCheats
Victory
Defeat
🇬🇧 Japanese · United Kingdom
940
+14
🇵🇱 Bohemians · Poland
816
+51
🇬🇷 Vietnamese · Greece
774
+20
🇬🇷 Spanish · Greece
766
+21
🇺🇸 Varangians · United States
911
-20
🇺🇸 Celts · United States
884
-19
🇨🇳 Franks · China
866
-18
🇮🇹 Vietnamese · Italy
850
-17
可可
11:09 Feudal Age
16:47 Castle Age
20:54 Double-Bit Axe
24:31 Wheelbarrow
27:13 Hand Cart
29:40 Imperial Age
27:14 Stone Mining
27:16 Gold Mining
29:51 Gold Shaft Mining
30:53 Forging
30:35 Town Watch
30:36 Loom
31:09 Bow Saw
31:18 Cavalier
31:59 Husbandry
33:00 Paladin
33:43 Chivalry
33:55 Scale Barding Armor
34:26 Iron Casting
35:35 Conscription
36:36 Chain Barding Armor
37:17 Blast Furnace
37:56 Hoardings
37:05 Treadmill Crane
37:48 Ballistics
38:28 Chemistry
37:39 Masonry
37:34 Siege Engineers
37:26 Murder Holes
37:41 Fortified Wall
38:09 Plate Barding Armor
40:23 Fletching
42:51 Elite Throwing Axeman
43:36 Padded Archer Armor
43:36 Scale Mail Armor
45:43 Capped Ram
ferandres99
7:16 Loom
10:34 Feudal Age
16:31 Castle Age
15:23 Town Watch
15:27 Double-Bit Axe
15:28 Horse Collar
19:37 Wheelbarrow
26:23 Fletching
33:42 Heavy Plow
39:15 Imperial Age
37:02 Hand Cart
37:03 Forging
36:54 Scale Mail Armor
36:29 Man-at-Arms
36:29 Pikeman
38:27 Gold Mining
39:01 Fortified Wall
39:02 Masonry
38:50 Bodkin Arrow
40:24 Conscription
40:20 Town Patrol
40:57 Capped Ram
42:16 Iron Casting
41:57 Chain Mail Armor
42:06 Siege Ram
BottleDry
7:38 Loom
12:34 Feudal Age
16:43 Castle Age
14:53 Double-Bit Axe
15:41 Horse Collar
18:01 Bow Saw
18:02 Heavy Plow
20:44 Wheelbarrow
23:35 Scale Barding Armor
23:40 Forging
23:58 Fletching
25:52 Gold Mining
26:42 Bodkin Arrow
26:47 Padded Archer Armor
27:20 Elite Skirmisher
28:24 Elite Skirmisher
29:40 Scale Mail Armor
29:55 Leather Archer Armor
29:51 Forging
31:25 Stone Mining
32:12 Chain Barding Armor
32:44 Chain Mail Armor
33:05 Iron Casting
36:45 Imperial Age
34:05 Town Watch
34:36 Hand Cart
34:43 Hand Cart
34:15 Town Watch
35:11 Gambesons
35:26 Squires
35:13 Arson
36:49 Bloodlines
36:39 Husbandry
38:07 Plate Barding Armor
38:33 Blast Furnace
39:30 Blast Furnace
37:55 Light Cavalry
38:29 Cavalier
40:38 Crossbowman
roberto.bortolin
0:39 Loom
12:10 Feudal Age
19:12 Castle Age
18:05 Horse Collar
18:14 Double-Bit Axe
19:23 Gold Mining
24:24 Fortified Wall
24:12 Murder Holes
25:25 Masonry
28:37 Stone Mining
29:35 Wheelbarrow
29:13 Town Watch
29:54 Bow Saw
33:18 Hand Cart
33:04 Town Patrol
33:39 Scale Mail Armor
33:50 Forging
34:14 Heavy Plow
35:25 Treadmill Crane
41:56 Imperial Age
40:02 Padded Archer Armor
40:17 Chain Mail Armor
41:03 Ballistics
41:25 Iron Casting
41:01 Fletching
41:58 Leather Archer Armor
41:57 Thumb Ring
41:56 Elite Skirmisher
43:28 Bodkin Arrow
44:04 Plate Mail Armor
45:09 Ring Archer Armor
46:15 Bracer
47:20 Crop Rotation
49:16 Two-Man Saw
49:26 Chemistry
Elaenoss
10:45 Feudal Age
16:09 Castle Age
15:57 Double-Bit Axe
29:47 Fervor
35:44 Pikeman
39:56 Imperial Age
39:08 Bow Saw
39:57 Halberdier
42:25 Forging
42:16 Scale Mail Armor
The Architecht
9:44 Feudal Age
10:28 Double-Bit Axe
16:43 Castle Age
14:54 Horse Collar
18:09 Bow Saw
18:01 Heavy Plow
17:49 Loom
22:45 Forging
22:26 Fletching
22:42 Scale Barding Armor
22:39 Scale Mail Armor
25:53 Gold Mining
27:11 Iron Casting
32:16 Imperial Age
31:06 Wheelbarrow
31:34 Town Watch
32:44 Gold Mining
35:29 Ballistics
35:04 Murder Holes
35:36 Bodkin Arrow
38:19 Elite Samurai
42:28 Hoardings
44:00 Caravan
45:35 Hand Cart
lokigr13
11:59 Feudal Age
10:15 Loom
17:16 Castle Age
17:42 Fletching
37:13 Bodkin Arrow
41:45 Imperial Age
39:52 Wheelbarrow
41:02 Forging
40:58 Scale Barding Armor
41:27 Husbandry
41:38 Bloodlines
41:52 Cavalier
43:24 Iron Casting
45:16 Blast Furnace
44:36 Chain Barding Armor
45:09 Paladin
46:21 Caravan
46:41 Double-Bit Axe
46:41 Horse Collar
47:59 Plate Barding Armor
vainamoinen_
12:14 Feudal Age
13:29 Double-Bit Axe
16:31 Castle Age
17:05 Padded Archer Armor
19:58 Elite Skirmisher
21:29 Thumb Ring
23:55 Bow Saw
24:49 Leather Archer Armor
25:17 Ballistics
27:01 Fletching
27:29 Squires
30:27 Pikeman
31:09 Bodkin Arrow
31:25 Forging
31:16 Scale Mail Armor
34:54 Iron Casting
36:58 Chain Mail Armor
Connection lost

Rejoining the realm…

Still unreachable

The connection could not be restored.

Session expired

The server has moved on; the page needs a fresh start.